 Dungeon Crawl Stone Soup version 0.31.0-12-g77e489cdc1 (webtiles) character file.

Game seed: 15035680585664116937

134489 olmar the Hermetic (level 17, -1/145 HPs)
             Began as a Naga Alchemist on Feb 29, 2024.
             Was an Initiate of Gozag.
             Slain by a +0 falchion (16 damage)
             ... on level 2 of the Elven Halls on Mar 1, 2024.
             The game lasted 01:47:11 (35323 turns).

olmar the Hermetic (Naga Alchemist)                Turns: 35323, Time: 01:47:12

Health: -1/145     AC: 12    Str: 14    XL:     17   Next: 17%
Magic:  37/37      EV: 13    Int: 27    God:    Gozag
Gold:   619        SH:  0    Dex: 17    Spells: 27/49 levels left

rFire   + + .        j - +8 flail of Slime {venom, rPois Str-2 Int+7 Dex-2}
rCold   . . .        (no shield)
rNeg    . . .        H - +3 leather armour {rF+}
rPois   +            a - +0 hat "Barussoe" {rCorr Str+4 Int-4}
rElec   .            J - scarf {repulsion}
rCorr   +            C - +1 Delatra's gloves {ID++}
SInv    +            (no barding)
Will    +++..        h - amulet of Untruth {Regen+ Int+3}
Stlth   ++++         d - +6 ring of dexterity
HPRegen 1.24/turn    y - ring of protection from fire
MPRegen 0.25/turn

%: repel missiles
@: mighty, on berserk cooldown, slowed, very slow
A: AC +5, large, see invisible, deformed body, poison resistance, slowness 2,
spit poison 1, naga tail 2, strong-willed 1, inability to read after injury 1
a: Spit Poison, Renounce Religion, Potion Petition, Call Merchant, Bribe Branch


You were on level 2 of the Elven Halls.
You worshipped Gozag.
Gozag was pleased with you.
You visited 5 branches of the dungeon, and saw 25 of its levels.
You also visited: Bailey, Gauntlet and Volcano.

You collected 9663 gold pieces.
You spent 2673 gold pieces at shops.
You paid 6371 gold pieces to Gozag.

Inventory:

Hand Weapons
 j - the +8 flail of Slime (weapon) {venom, rPois Str-2 Int+7 Dex-2}
   (You took it off a gnoll on level 8 of the Dungeon)

   Str-2:     It affects your strength (-2).
   Int+7:     It affects your intelligence (+7).
   Dex-2:     It affects your dexterity (-2).
   rPois:     It protects you from poison
 u - the +9 morningstar "Fashrei" {flame, rPois}
   (You bought it in a shop on level 1 of the Elven Halls)

   rPois:     It protects you from poison
Missiles
 x - 5 datura-tipped darts
 N - 2 curare-tipped darts
Armour
 a - the +0 hat "Barussoe" (worn) {rCorr Str+4 Int-4}
   (You found it in a Gauntlet)

   Str+4:     It affects your strength (+4).
   Int-4:     It affects your intelligence (-4).
   rCorr:     It protects you from acid and corrosion.
 i - a +2 kite shield of cold resistance
 C - the +1 Delatra's gloves (worn) {ID++}
   (You bought it in a shop on level 2 of the Orcish Mines)

   ID++:      It heals its wearer when they drink unknown potions, and restores
   their MP when they read unknown scrolls.
 H - a +3 leather armour of fire resistance (worn)
 J - a scarf of repulsion (worn)
Jewellery
 d - a +6 ring of dexterity (left hand)
 h - the amulet of Untruth (around neck) {Regen+ Int+3}
   (You bought it in a shop on level 2 of the Orcish Mines)

   [amulet of regeneration]

   Int+3:     It affects your intelligence (+3).
   Regen+:    It increases your rate of health regeneration.
 y - a ring of protection from fire (right hand)
 M - a ring of ice
 S - a +5 ring of evasion
Wands
 o - a wand of polymorph (13)
 z - a wand of flame (26) (quivered)
 I - a wand of iceblast (5)
 R - a wand of charming (8)
 Z - a wand of mindburst (6)
Scrolls
 c - 2 scrolls of immolation
 f - 5 scrolls of fear
 l - 2 scrolls of poison
 m - 15 scrolls of identify
 n - 2 scrolls of teleportation
 q - a scroll of enchant weapon
 v - 2 scrolls of noise
 A - 2 scrolls of fog
 D - a scroll of silence
 E - a scroll of amnesia {unknown}
 U - a scroll of enchant armour
 W - a scroll of torment {unknown}
 X - a scroll of revelation
Potions
 e - 2 potions of resistance
 g - 4 potions of attraction
 k - 7 potions of mutation
 p - 2 potions of enlightenment
 s - 3 potions of lignification
 w - 6 potions of might
 B - 7 potions of brilliance
 F - a potion of invisibility
 O - 2 potions of haste
 V - a potion of magic
Miscellaneous
 b - a lightning rod (3/4)
 r - a condenser vane (inert)
 L - a phantom mirror
 P - a box of beasts (inert)


   Skills:
 + Level 7.6 Fighting
 + Level 8.1 Maces & Flails
 + Level 3.7 Armour
 + Level 7.0 Dodging
 + Level 10.2 Stealth
 - Level 0.2 Unarmed Combat
 + Level 16.5 Spellcasting
 + Level 9.8 Conjurations
 + Level 4.2 Fire Magic
 - Level 0.3 Air Magic
 + Level 19.7 Alchemy
 - Level 0.2 Evocations


You had 27 spell levels left.
You knew the following spells:

 Your Spells              Type           Power      Damage    Failure   Level
a - Sting                 Conj/Alch      100%       1d9       0%          1
b - Olgreb's Toxic Radia  Alch           91%        N/A       0%          4
c - Mephitic Cloud        Conj/Alch/Air  66%        N/A       1%          3
d - Sticky Flame          Fire/Alch      72%        2d12      1%          4
e - Fulminant Prism       Conj/Alch      40%        3d19      1%          4
f - Eringya's Noxious Bo  Alch           45%        4d6       1%          6

Your spell library contained the following spells:

 Spells                   Type           Power      Damage    Failure   Level
 Foxfire                  Conj/Fire      100%       2x1d9     1%          1
 Magic Dart               Conj           100%       1d8       1%          1
 Mercury Vapours          Alch/Air       100%       N/A       1%          2
 Searing Ray              Conj           100%       2d8       1%          2
 Leda's Liquefaction      Alch/Erth      33%        N/A       1%          4
 Petrify                  Alch/Erth      66%        N/A       1%          4
 Alistair's Intoxication  Alch           60%        N/A       1%          5
 Slow                     Hex            88%        N/A       2%          1
 Volatile Blastmotes      Fire/Tloc      66%        2d15      3%          3
 Iskenderun's Mystic Bla  Conj/Tloc      48%        2d11      3%          4
 Ensorcelled Hibernation  Hex/Ice        44%        N/A       4%          2
 Lesser Beckoning         Tloc           44%        N/A       4%          2
 Fireball                 Conj/Fire      28%        3d12      4%          5
 Sculpt Simulacrum        Ice/Alch       33%        N/A       8%          6
 Confusing Touch          Hex            22%        N/A       9%          3
 Frozen Ramparts          Ice            44%        1d7       9%          3
 Fugue of the Fallen      Necr           22%        N/A       9%          3
 Sigil of Binding         Hex            22%        N/A       9%          3
 Vampiric Draining        Necr           22%        2d7       9%          3
 Freezing Cloud           Conj/Ice/Air   20%        6-21      19%         5
 Starburst                Conj/Fire      28%        6d9       24%         6
 Anguish                  Hex/Necr       11%        N/A       26%         4
 Cause Fear               Hex            11%        N/A       26%         4
 Dimensional Bullseye     Hex/Tloc       11%        N/A       26%         4
 Borgnjor's Vile Clutch   Necr/Erth      11%        N/A       58%         5
 Metabolic Englaciation   Hex/Ice        11%        N/A       58%         5
 Plasma Beam              Fire/Air       17%        2x1d28    86%         6
 Dispersal                Tloc           11%        N/A       99%         6
 Haunt                    Necr/Summ      11%        N/A       100%        7
 Ozocubu's Refrigeration  Ice            11%        4d9       100%        7
 Infestation              Necr           11%        N/A       100%        8
 Dragon's Call            Summ           11%        N/A       100%        9
 Polar Vortex             Ice            11%        12d1*     100%        9
 Animate Dead             Necr           Unusable   N/A       N/A         4

Dungeon Overview and Level Annotations

Branches:
Dungeon (15/15)            Temple (1/1) D:6            Lair (5/5) D:10
 Shoals (0/4) Lair:2        Snake (0/4) Lair:2        Slime (0/5) Lair:5
    Orc (2/2) D:9             Elf (2/3) Orc:2        Vaults (0/5) D:13
 Depths (0/4) D:15         Bailey (visited)         Volcano (visited)
Gauntlet (visited)

Altars:
Ashenzari
Cheibriados
Dithmenos
Elyvilon
Fedhas
Gozag
Hepliaklqana
Kikubaaqudgha
Makhleb
Nemelex Xobeh
Okawaru
Qazlal
Ru
Sif Muna
Trog
Uskayaw
Vehumet
Wu Jian
Xom
Yredelemnul
Zin
The Shining One

Shops:
D:5 (!   D:9 =   D:10 *   D:12 [   Orc:2 ([*=   Elf:1 [:(

Annotations:
D:12 2 transporters, Saowkuwk's ghost, journeyman MiFi
Elf:2 5 runed translucent doors


Innate Abilities, Weirdness & Mutations

Your serpentine skin is tough. (AC +5)
You have supernaturally acute eyesight. (SInv)
Armour fits poorly on your strangely shaped body.
Your system is resistant to poisons. (rPois)
You cover ground very slowly.
You can spit poison.
You can use your snake-like lower body to constrict enemies.
You are strong-willed. (Will+)
You occasionally lose the ability to read scrolls when taking damage.


Message History

As you read the scroll of teleportation, it crumbles to dust.
You feel strangely unstable.
You feel better.
A deep elf knight comes into view. It is wielding a +0 long sword.
A deep elf zephyrmancer comes into view.
It is wielding a +0 short sword.
Unknown command.
As you read the scroll of fog, it dissolves into smoke.
Your surroundings suddenly seem different.
A +0 falchion comes into view.
Found a huge runed translucent gate.
Unknown command.
You flicker for a moment.
Okay, then. [a] - 290 gold - heal wounds and berserk rage [b] - 450 gold - haste and heal wounds [c] - 216 gold - heal wounds and curing Purchase which effect?
You feel much better.
A red film seems to cover your vision as you go berserk!
You feel yourself moving faster!
You feel mighty!
You feel a strong urge to attack something.
You feel your anger nearly subside.
You flicker back into view.
You are no longer berserk.
You are exhausted.
You feel yourself slow down.
Unknown command.
You sock the +0 falchion! Your grab misses the +0 falchion.
The +0 falchion is moderately damaged.
The +0 falchion hits you!
* * * LOW HITPOINT WARNING * * *
The +0 falchion barely misses you. The +0 falchion hits you!
* * * LOW HITPOINT WARNING * * *
Unknown command.
You barely miss the +0 falchion. You grab the +0 falchion.
The +0 falchion is moderately damaged.
You constrict the +0 falchion. The +0 falchion hits you.
* * * LOW HITPOINT WARNING * * *
The +0 falchion hits you!
You die...
Your body crumbles into a pile of gold.

#. #. #. ####
#.##...#
#......#
#...#..# ##.#@(#
#.#...# ..
##.#....... #..
####+++++# ##..
........ ##...##
.........#.....#
..#.............
#####.. ........
........


You could see a +0 falchion.

Vanquished Creatures
  Gastronok (D:11)
  An orc warlord (Orc:2)
  A very ugly thing (D:15)
  A minotaur (Gauntlet)
  2 deep elf demonologists (Elf:1)
  Snorg (D:14)
  Harold (D:10)
  A great orb of eyes (D:15)
  4 vault guards (D:13)
  7 hydras
  A ghost crab (Gauntlet)
  A two-headed ogre (shapeshifter) (D:15)
  7 centaur warriors
  A catoblepas (D:14)
  A two-headed ogre (D:8)
  6 death yaks (Lair:5)
  2 boulder beetles
  3 tengu warriors
  Erica (D:9)
  9 dancing weapons
  A hell hog (Lair:5)
  Urug (Orc:2)
  An orc high priest (Orc:2)
  6 deep elf knights
  A hell knight (Volcano)
  A sun demon (Volcano)
  A glowing orange brain (D:6)
  2 arcanists (D:14)
  15 deep elf zephyrmancers
  8 deep elf archers
  2 harpies (Lair:2)
  5 orc sorcerers
  12 deep elf pyromancers
  16 ugly things
  A salamander (D:15)
  2 manticores
  A shining eye (Gauntlet)
  5 orc knights
  A wolf spider (Lair:5)
  2 cyclopes
  2 kobold blastminers (Orc:2)
  11 centaur zombies (D:11)
  A meliai (shapeshifter) (D:13)
  6 meliai
  12 elephants
  3 slime creatures (D:15)
  A molten gargoyle (Volcano)
  A guardian serpent (Lair:5)
  15 cane toads
  A gargoyle (D:12)
  An unseen horror (D:12)
  A cane toad (shapeshifter) (D:13)
  10 black mambas
  Maggie (D:9)
  A yaktaur (D:15)
  2 rime drakes
  A tengu conjurer (D:14)
  A freezing wraith (D:14)
  14 komodo dragons
  5 trolls
  13 polar bears
  3 hornets
  A tyrant leech (Lair:3)
  A dream sheep (Lair:5)
  Sigmund (D:4)
  5 water elementals
  2 vampires
  16 wyverns
  3 wraiths
  34 yaks
  4 shadows
  A human (shapeshifter) (D:11)
  5 basilisks
  5 fire bats (Volcano)
  A golden eye (Gauntlet)
  Grum (Bailey)
  A steam dragon (D:10)
  9 wargs
  3 redbacks (Lair:5)
  A neqoxec (Gauntlet)
  10 vampire mosquitoes (D:12)
  2 chaos spawn (Gauntlet)
  5 nagas (Lair:2)
  17 hell hounds
  3 acid dragons
  27 water moccasins
  24 orc warriors
  A sky beast (D:7)
  18 black bears
  30 wolves
  11 centaurs
  10 ogres
  3 kobold brigands
  12 bullfrogs
  10 gnoll sergeants
  An earth elemental (Elf:1)
  4 scorpions
  11 wights
  13 killer bees
  2 electric eels (Lair:1)
  4 howler monkeys
  5 lava snakes (Volcano)
  24 jellies
  19 orc priests
  4 hounds
  9 gnoll boudas
  Jessica (D:3)
  5 iguanas
  Terence (D:2)
  6 hell rats (Lair:1)
  Natasha (thrice) (D:2)
  32 orc wizards
  25 gnolls
  11 adders
  A white imp (D:7)
  2 ufetubi (D:6)
  A dart slug (D:3)
  65 orcs
  5 ball pythons
  2 bats
  8 endoplasms
  A giant cockroach (D:1)
  6 goblins
  5 hobgoblins
  12 jackals
  11 kobolds
  A quokka (shapeshifter) (D:13)
  A quokka (D:3)
  4 frilled lizards
  4 rats
  4 fulminant prisms
832 creatures vanquished.

Vanquished Creatures (collateral kills)
  A deep elf archer (Elf:1)
  2 elephants (Lair:1)
  2 orcs (Orc:1)
5 creatures vanquished.

Vanquished Creatures (others)
  A deep elf pyromancer (Elf:2)
  A cane toad (Lair:1)
  3 spriggans (D:14)
  167 fulminant prisms
172 creatures vanquished.

Grand Total: 1009 creatures vanquished

Notes
Turn   | Place    | Note
-------+----------+-------------------------------------------
     0 | D:1      | olmar the Naga Alchemist began the quest for the Orb.
     0 | D:1      | Reached XP level 1. HP: 15/15 MP: 3/3
   317 | D:1      | Reached skill level 4 in Alchemy
   317 | D:1      | Reached XP level 2. HP: 22/22 MP: 0/5
  1153 | D:2      | Reached XP level 3. HP: 28/28 MP: 1/6
  1601 | D:2      | Found a faded altar of an unknown god.
  1673 | D:2      | Reached XP level 4. HP: 31/36 MP: 1/7
  1771 | D:2      | Noticed Natasha
  1776 | D:2      | Killed Natasha
  1830 | D:2      | Noticed Natasha
  1836 | D:2      | Killed Natasha
  1942 | D:2      | Noticed Natasha
  1946 | D:2      | Killed Natasha
  1947 | D:2      | Reached skill level 5 in Alchemy
  1947 | D:2      | Reached XP level 5. HP: 43/43 MP: 6/9
  1979 | D:2      | Found a glowing golden altar of the Shining One.
  2137 | D:2      | Noticed Terence
  2809 | D:3      | Reached skill level 1 in Fighting
  2992 | D:3      | Noticed Jessica
  3001 | D:3      | Killed Jessica
  3013 | D:3      | Learned a level 4 spell: Olgreb's Toxic Radiance
  3426 | D:4      | Reached XP level 6. HP: 51/51 MP: 3/11
  3892 | D:4      | You fall into a shaft and drop 2 floors!
  3897 | D:6      | Learned a level 3 spell: Mephitic Cloud
  4333 | D:6      | Reached XP level 7. HP: 57/57 MP: 6/12
  4400 | D:6      | Reached skill level 6 in Alchemy
  4540 | D:6      | Noticed a two-headed ogre
  4541 | D:6      | a two-headed ogre changed into a glowing orange brain
  4541 | D:6      | Noticed a glowing orange brain
  4564 | D:6      | Killed a glowing orange brain
  4565 | D:6      | Reached skill level 7 in Alchemy
  4565 | D:6      | Reached XP level 8. HP: 45/66 MP: 5/15
  4707 | D:6      | Found a staircase to the Ecumenical Temple.
  4716 | Temple   | Entered the Ecumenical Temple
  4735 | Temple   | Became a worshipper of Gozag Ym Sagoz the Greedy
  4769 | D:6      | Reached skill level 5 in Spellcasting
  5275 | D:6      | Learned a level 4 spell: Sticky Flame
  5288 | D:5      | Entered Level 5 of the Dungeon
  5484 | D:5      | Found an iron altar of Okawaru.
  5484 | D:5      | Found a shadowy altar of Dithmenos.
  5488 | D:5      | Found a broken altar of Ashenzari.
  5649 | D:5      | Reached skill level 8 in Alchemy
  5763 | D:5      | Found Gipiah's Distillery.
  5766 | D:5      | Bought a potion of lignification for 42 gold pieces
  5766 | D:5      | Bought a potion of invisibility for 112 gold pieces
  5766 | D:5      | Bought a potion of resistance for 140 gold pieces
  5855 | D:5      | Found Misiveiz's Antique Weapon Shoppe.
  5952 | D:5      | Reached XP level 9. HP: 73/73 MP: 11/18
  6812 | D:4      | Noticed Sigmund
  6825 | D:4      | Killed Sigmund
  6826 | D:4      | Reached skill level 5 in Stealth
  6833 | D:4      | Reached skill level 5 in Conjurations
  7387 | D:2      | Killed Terence
  7711 | D:5      | Bought a potion of curing for 42 gold pieces
  7711 | D:5      | Bought 2 potions of attraction for 84 gold pieces
  7711 | D:5      | Bought a potion of curing for 42 gold pieces
  7711 | D:5      | Bought a potion of curing for 42 gold pieces
  7782 | D:7      | Noticed Joseph
  7783 | D:7      | Joseph changed into Joseph the centaur
  7783 | D:7      | Noticed Joseph
  7797 | D:7      | Killed Joseph the centaur
  8064 | D:7      | Reached skill level 9 in Alchemy
  8909 | D:8      | Found a hazy altar of Hepliaklqana.
  8910 | D:8      | Reached XP level 10. HP: 45/81 MP: 9/22
  9021 | D:8      | Reached skill level 10 in Alchemy
  9150 | D:8      | Noticed a two-headed ogre
  9169 | D:8      | Killed a two-headed ogre
  9170 | D:8      | Reached skill level 1 in Fire Magic
  9228 | D:8      | Found a flagged portal.
  9228 | D:8      | Identified the +8 flail of Slime {venom, rPois Str-2 Int+7
                  | Dex-2}
  9247 | Bailey   | Entered a bailey
  9598 | Bailey   | Reached skill level 11 in Alchemy
  9623 | Bailey   | Noticed Grum
  9776 | Bailey   | Killed Grum
 10430 | D:8      | Learned a level 4 spell: Fulminant Prism
 10443 | D:9      | Noticed Erica
 10450 | D:8      | Reached XP level 11. HP: 34/88 MP: 10/24
 10861 | D:9      | Reached skill level 12 in Alchemy
 11405 | D:9      | Killed Erica
 11468 | D:9      | Noticed Maggie
 11572 | D:9      | Killed Maggie
 11573 | D:9      | Reached skill level 10 in Spellcasting
 11740 | D:9      | Found a staircase to the Orcish Mines.
 11758 | D:9      | Noticed a cyclops
 11764 | D:9      | Killed a cyclops
 12530 | Orc:1    | Entered Level 1 of the Orcish Mines
 12661 | Orc:1    | Noticed an orc knight
 12664 | Orc:1    | Noticed an orc sorcerer
 12669 | Orc:1    | Killed an orc knight
 12670 | Orc:1    | Killed an orc sorcerer
 13093 | Orc:2    | Entered Level 2 of the Orcish Mines
 13128 | Orc:2    | Noticed Urug
 13134 | Orc:2    | Killed Urug
 13135 | Orc:2    | Reached skill level 13 in Alchemy
 13135 | Orc:2    | Reached XP level 12. HP: 86/97 MP: 8/27
 13682 | D:9      | Bought a ring of protection from fire for 400 gold pieces
 13703 | Orc:2    | Found a staircase to the Elven Halls.
 14331 | Orc:2    | Noticed an orc high priest
 14340 | Orc:2    | Noticed an orc warlord
 14342 | Orc:2    | Killed an orc high priest
 14378 | Orc:2    | Killed an orc warlord
 14379 | Orc:2    | Reached skill level 14 in Alchemy
 14949 | Orc:2    | Found Ochiyrgha's Jewellery Shoppe.
 14961 | Orc:2    | Found Pol Evis's General Store.
 14971 | Orc:2    | Bought a scroll of fear for 68 gold pieces
 14971 | Orc:2    | Bought a scroll of revelation for 127 gold pieces
 14971 | Orc:2    | Bought a scroll of fog for 68 gold pieces
 15111 | Orc:2    | Found Loqabbemn's Antique Armour Shoppe.
 15126 | Orc:2    | Bought a blackened cloak for 304 gold pieces
 15126 | Orc:2    | Identified the +1 cloak of the Equator {Rampage} (You
                  | bought it in a shop on level 2 of the Orcish Mines)
 15126 | Orc:2    | Bought the +1 Delatra's gloves {ID++} for 320 gold pieces
 15126 | Orc:2    | Found the +1 Delatra's gloves {ID++}
 15156 | Orc:2    | Bought the amulet of Untruth {Regen+ Int+3} for 433 gold
                  | pieces
 15185 | Orc:2    | Found Ypymy's Antique Weapon Shoppe.
 15389 | D:10     | Entered Level 10 of the Dungeon
 15418 | D:10     | Noticed Harold
 15427 | D:10     | Killed Harold
 15674 | D:10     | Found Ubustef's Overcharged Wands.
 16169 | D:10     | Found a staircase to the Lair.
 16302 | D:10     | Found a stormy altar of Qazlal.
 16738 | Lair:1   | Entered Level 1 of the Lair of Beasts
 16742 | Lair:1   | Gained mutation: You can use your snake-like lower body to
                  | constrict enemies. [Naga growth]
 16742 | Lair:1   | Reached XP level 13. HP: 105/105 MP: 24/29
 16808 | Lair:1   | Reached skill level 15 in Alchemy
 17101 | Lair:1   | Identified the +7 scimitar of the Heavens {freeze, rPois
                  | rC+ SInv}
 17254 | Lair:1   | Found a hide-covered altar of Uskayaw.
 17642 | Lair:2   | Reached skill level 5 in Dodging
 18776 | Lair:2   | Found a staircase to the Shoals.
 19365 | Lair:2   | Found a staircase to the Snake Pit.
 20117 | Lair:3   | Reached skill level 16 in Alchemy
 20963 | Lair:4   | Reached XP level 14. HP: 96/115 MP: 14/32
 20969 | Lair:4   | Reached skill level 5 in Fighting
 21922 | Lair:4   | You fall into a shaft and drop 1 floor!
 21922 | Lair:5   | Entered Level 5 of the Lair of Beasts
 21979 | Lair:5   | Found a staircase to the Slime Pits.
 22025 | Lair:5   | Identified the +2 robe of the Moneychanger {Harm}
 22091 | Lair:5   | Reached skill level 17 in Alchemy
 22113 | Lair:5   | Found a dark tunnel.
 22121 | Volcano  | Entered a volcano
 22227 | Volcano  | Reached skill level 1 in Maces & Flails
 22275 | Volcano  | Found a radiant altar of Vehumet.
 23347 | Lair:5   | Learned a level 6 spell: Eringya's Noxious Bog
 23516 | Lair:5   | Reached skill level 1 in Armour
 23516 | Lair:5   | Reached XP level 15. HP: 89/126 MP: 29/33
 23938 | Lair:5   | Reached skill level 15 in Spellcasting
 25627 | D:11     | Noticed Gastronok
 25642 | D:11     | Killed Gastronok
 26069 | D:11     | Found a basalt altar of Yredelemnul.
 26345 | D:12     | Reached skill level 5 in Maces & Flails
 26399 | D:12     | Found a gate leading to a gauntlet.
 26409 | Gauntlet | Entered a Gauntlet
 26409 | Gauntlet | Found a transporter.
 26409 | Gauntlet | Found a transporter.
 26409 | Gauntlet | Found a runed translucent door.
 26415 | Gauntlet | Found a transporter.
 26427 | Gauntlet | Found a transporter.
 26441 | Gauntlet | Found a large runed translucent door.
 26442 | Gauntlet | Found a large runed translucent door.
 26443 | Gauntlet | Found a large runed translucent door.
 26443 | Gauntlet | Found a large runed translucent door.
 26443 | Gauntlet | Found a large runed translucent door.
 26443 | Gauntlet | Found a large runed translucent door.
 26443 | Gauntlet | Found a large runed translucent door.
 26443 | Gauntlet | Found a large runed translucent door.
 26444 | Gauntlet | Found a runed translucent door.
 26444 | Gauntlet | Found a runed translucent gate.
 26445 | Gauntlet | Found a runed translucent gate.
 26445 | Gauntlet | Found a transporter.
 26445 | Gauntlet | Found a transporter.
 26445 | Gauntlet | Found a transporter.
 26447 | Gauntlet | Found a transporter.
 26447 | Gauntlet | Found a transporter.
 26459 | Gauntlet | Found a transporter.
 26475 | Gauntlet | Found a transporter.
 26485 | Gauntlet | Found a transporter.
 26499 | Gauntlet | Found a transporter.
 26511 | Gauntlet | Found a large runed translucent door.
 26512 | Gauntlet | Found a large runed translucent door.
 26513 | Gauntlet | Found a large runed translucent door.
 26513 | Gauntlet | Found a large runed translucent door.
 26513 | Gauntlet | Found a large runed translucent door.
 26513 | Gauntlet | Found a large runed translucent door.
 26514 | Gauntlet | Found a runed translucent gate.
 26514 | Gauntlet | Found a large runed translucent door.
 26514 | Gauntlet | Found a runed translucent door.
 26514 | Gauntlet | Found a large runed translucent door.
 26519 | Gauntlet | Found a transporter.
 26527 | Gauntlet | Found a runed translucent door.
 26574 | Gauntlet | Gained mutation: Your magical capacity is low. (-10% MP) [a
                  | shining eye]
 26576 | Gauntlet | Gained mutation: You are frail. (-10% HP) [a shining eye]
 26595 | Gauntlet | Lost mutation: Your magical capacity is low. (-10% MP)
                  | [potion of mutation]
 26595 | Gauntlet | Lost mutation: You are frail. (-10% HP) [potion of
                  | mutation]
 26595 | Gauntlet | Gained mutation: You are strong-willed. (Will+) [potion of
                  | mutation]
 26595 | Gauntlet | Gained mutation: You occasionally lose the ability to read
                  | scrolls when taking damage. [potion of mutation]
 26711 | Gauntlet | Identified the +0 hat "Barussoe" {rCorr Str+4 Int-4}
 26770 | Gauntlet | Identified the +2 robe of the Candlemaker {rF+ Str+3 Int-4}
 26774 | Gauntlet | Got the Spellbook of Location
 26936 | D:12     | Noticed a storm dragon
 26970 | D:12     | Noticed Saowkuwk's ghost (journeyman MiFi)
 26971 | D:12     | Found a transporter.
 26975 | D:12     | Found a transporter.
 27696 | D:12     | Reached skill level 18 in Alchemy
 28383 | D:13     | Identified the +6 flail of Ydad {heavy, *Rage Str+2 Dex+2}
 28858 | D:13     | Found a white marble altar of Elyvilon.
 28889 | D:13     | Found a gate to the Vaults.
 29442 | D:14     | Noticed Snorg
 29447 | D:14     | Killed Snorg
 29448 | D:14     | Reached XP level 16. HP: 130/138 MP: 20/35
 30581 | D:15     | Entered Level 15 of the Dungeon
 30748 | D:15     | Found a staircase to the Depths.
 31326 | D:15     | Found a shimmering blue altar of Sif Muna.
 31768 | D:15     | Reached skill level 10 in Stealth
 31769 | D:15     | Reached skill level 19 in Alchemy
 32629 | Elf:1    | Entered Level 1 of the Elven Halls
 32716 | Elf:1    | Found Pyjikh's Book Shop.
 32805 | Elf:1    | Found Roed's Antique Weapon Boutique.
 32820 | Elf:1    | Bought a bloodstained morningstar for 261 gold pieces
 32820 | Elf:1    | Identified the +9 morningstar "Fashrei" {flame, rPois} (You
                  | bought it in a shop on level 1 of the Elven Halls)
 33634 | Elf:1    | Bought a slimy robe for 188 gold pieces
 33634 | Elf:1    | Identified the +0 robe of the Eternal Fruit {Will+} (You
                  | bought it in a shop on level 1 of the Elven Halls)
 33738 | Elf:1    | Noticed a Hell Sentinel
 33740 | Elf:1    | Noticed a Tzitzimitl
 34857 | Elf:2    | Reached XP level 17. HP: 123/144 MP: 37/37
 35293 | Elf:2    | Noticed a deep elf blademaster
 35307 | Elf:2    | HP: 1/145 [+4 vampiric battleaxe (32)]
 35315 | Elf:2    | Found a huge runed translucent gate.
 35315 | Elf:2    | Found a huge runed translucent gate.
 35315 | Elf:2    | Found a huge runed translucent gate.
 35315 | Elf:2    | Found a huge runed translucent gate.
 35315 | Elf:2    | Found a huge runed translucent gate.
 35323 | Elf:2    | Slain by a +0 falchion

Illustrated notes

Levels and vault maps discovered:
D:1:      doesnt_arrival_eight_statues, layout_loops_corners
D:2:      layout_basic, basic_altar, shapermc_ecumenical_altar_notcrosses,
          grunt_decor_mini_mirrors, minmay_tetromino_s2, uniq_natasha,
          uniq_terence
D:3:      cheibrodos_pilgrimage, layout_basic, uniq_jessica
D:4:      layout_rooms, uniq_sigmund
D:5:      layout_loops_cross, chequers_temple_overflow_statue_of_worship,
          serial_shops, shop, nicolae_shop_tiny_real_fake_doors,
          hangedman_abyss_or_decor_passed
D:6:      layout_basic, minmay_temple_entry_antechambers
D:7:      layout_basic, kennysheep_another_room, uniq_joseph
D:8:      layout_rooms, nzn_hepliaklqana_mist_gate, enter_bailey_5
D:9:      layout_cave_pools, erik_orc_3, grunt_ministairs_10, uniq_erica,
          uniq_maggie
D:10:     layout_basic, nicolae_qazlal_scattered_showers, erik_lair_dragon,
          nicolae_shop_overcharged_wands, uniq_harold
D:11:     layout_long_grid, nicolae_yredelemnul_corpse_copse, uniq_gastronok
D:12:     layout_loops_ring, gammafunk_ghost_arena, gauntlet_entry_generic
D:13:     layout_small_grid, lightli_vaults_fourway_checkpoint, elyvilon_altar_1
D:14:     dreamdust_experimentation, layout_basic,
          amcnicky_mini_corridor_feature, uniq_snorg
D:15:     hangedman_depths_entry_try_elsewhere_first, layout_gridville,
          minmay_misc_feat_secret_circle, nicolae_sif_muna_condensation
Temple:   bh_familiar_temple
Lair:1:   layout_misc_corridors, basic_altar, dpeg_stationary_puzzle,
          lemuel_fruit_fields, infiniplex_staircase_pool, grunt_megastairs_2,
          lemuel_fruit_tree
Lair:2:   layout_regular_city, nicolae_shoals_entry_roost,
          minmay_snake_entry_guardpost_medium, grunt_megastairs_5
Lair:3:   beast_lair_carwin_large_2, layout_regular_city, serial_bayou_shore_a,
          lemuel_fruit_fields
Lair:4:   wander_river, layout_hall_layers
Lair:5:   hangedman_lair_tendril_chambers, layout_cave_pods,
          hangedman_lair_caniforms_friends, minmay_slime_entry_jelly_boxes,
          enter_volcano_2
Orc:1:    layout_diamond_mine
Orc:2:    grunt_orc_cross, layout_caves, uniq_urug
Elf:1:    elf_arrival_001, layout_geoelf_diagonals, nicolae_elf_crossing_hall,
          grunt_megastairs_1, minmay_shoptagon
Elf:2:    elven_hall_of_blades_hangedman_alternative
          [nicolae_blade_entry_crossed_weapons], layout_gridlike,
          nicolae_trove_entry_diagonal, drop_trap, uniq_louise

Skill      XL: |  1  2  3  4  5  6  7  8  9 10 11 12 13 14 15 16 17 |
---------------+----------------------------------------------------+-----
Alchemy        | 4 5 7 8 9 11 13 14 16 17 18 19 | 19.7
Dodging        | 2 3 4 5 6 7 |  7.0
Spellcasting   | 3 4 6 8 9 11 12 14 15 16 | 16.5
Conjurations   | 2 3 4 5 6 7 8 9 |  9.8
Fighting       | 1 2 3 4 6 7 |  7.6
Stealth        | 4 5 6 7 8 9 10 | 10.2
Fire Magic     | 1 2 3 4 |  4.2
Maces & Flails | 3 5 7 8 |  8.1
Armour         | 1 3 |  3.7
Unarmed Combat | |  0.2
Air Magic      | |  0.3
Evocations     | |  0.2

Action                     |  1- 3 |  4- 6 |  7- 9 | 10-12 | 13-15 | 16-18 || total
---------------------------+-------+-------+-------+-------+-------+-------++-------
  Melee: Unarmed           |    17 |    10 |    18 |    19 |       |       ||    64
         Punch             |     1 |     1 |       |     1 |    10 |     4 ||    17
         Flail             |       |       |       |   109 |   513 |   162 ||   784
         Constrict         |       |       |       |       |   129 |    40 ||   169
  Throw: Dart              |       |       |     9 |    25 |    16 |       ||    50
         Throwing net      |       |       |       |     6 |       |       ||     6
         Javelin           |       |       |       |       |     5 |       ||     5
   Cast: Sting             |    46 |   100 |   130 |    35 |     3 |       ||   314
         Olgreb's Toxic Ra |       |       |    18 |    81 |   111 |    60 ||   270
         Mephitic Cloud    |       |       |    14 |    39 |    35 |    20 ||   108
         Sticky Flame      |       |       |     2 |    13 |    31 |    11 ||    57
         Fulminant Prism   |       |       |       |    37 |    91 |    44 ||   172
         Eringya's Noxious |       |       |       |       |     6 |       ||     6
 Invoke: Potion Petition   |       |       |       |     1 |     5 |     4 ||    10
         Call Merchant     |       |       |       |     1 |     1 |     1 ||     3
Ability: Spit Poison       |    11 |    21 |    23 |    69 |    76 |    24 ||   224
  Evoke: Wand              |       |       |     5 |    31 |    25 |     8 ||    69
         Box of beasts     |       |       |       |       |     1 |     2 ||     3
         Lightning rod     |       |       |       |       |       |     3 ||     3
         Condenser vane    |       |       |       |       |       |     2 ||     2
         Phantom mirror    |       |       |       |       |       |     1 ||     1
    Use: Scroll            |       |     3 |     7 |     6 |     6 |    16 ||    38
         Potion            |       |       |     5 |     4 |    15 |     8 ||    32
   Stab: Invisible         |       |       |     1 |       |       |       ||     1
         Confused          |       |       |       |    11 |    12 |    11 ||    34
         Distracted        |       |       |       |       |     4 |     2 ||     6
         Sleeping          |       |       |       |       |     3 |       ||     3
 Armour: Robe              |    25 |    25 |    93 |   168 |   265 |       ||   576
         Leather armour    |       |       |       |       |   412 |   170 ||   582
         Chain mail        |       |       |       |       |     7 |       ||     7
  Dodge: Dodged            |    13 |    29 |    68 |   120 |   558 |   134 ||   922
         Repelled          |       |       |       |       |       |     2 ||     2
